AoeStats
← antoinedeutsch

Arabia

509944415Analyzed
1v1 RM · 3d ago on Sep 28, 2026· 40m 31s· 2 players
Game mode
Random Map
Map size
Tiny (2 player)
Population
200
Speed
Normal
Resources
Standard
Victory
Conquest
Starting age
Dark Age
Ending age
Imperial Age
RankedLock teamsTeams togetherTeam positionsShared explorationLock speedFull tech treeHidden civsTurbo modeCheats
Victory
Defeat
🇧🇷 Bengalis · Brazil
488
+13
🇫🇷 Huns · France
430
-13
antoinedeutsch
4:59 Loom
13:16 Feudal Age
14:01 Horse Collar
14:13 Double-Bit Axe
18:55 Forging
19:17 Fletching
21:17 Wheelbarrow
24:44 Castle Age
25:02 Crossbowman
35:41 Scale Barding Armor
35:39 Gold Mining
38:53 Marauders
Raangon
15:56 Feudal Age
21:30 Bloodlines
22:24 Double-Bit Axe
23:43 Loom
26:41 Horse Collar
30:14 Arson
33:39 Man-at-Arms
39:11 Castle Age
39:50 Elite Skirmisher
41:11 Scale Barding Armor
41:17 Forging
Connection lost

Rejoining the realm…

Still unreachable

The connection could not be restored.

Session expired

The server has moved on; the page needs a fresh start.